 Dungeon Crawl Stone Soup version 0.29-a0-517-gbdf32494f2 (webtiles) character file.

Game seed: 10124361963707530246

2 hquester the Shield-Bearer (level 1, 22/22 HPs)
             Began as a Troll Fighter on May 30, 2022.
             Quit the game on level 1 of the Dungeon.
             The game lasted 00:00:17 (40 turns).

hquester the Shield-Bearer (Troll Fighter)            Turns: 40, Time: 00:00:17

Health: 22/22      AC:  4    Str: 23    XL:     1   Next: 25%
Magic:  0/0        EV:  8    Int:  4    God:
Gold:   0          SH:  7    Dex:  9    Spells: 0/0 levels left

rFire   . . .      SeeInvis .     - Unarmed
rCold   . . .      Faith    .   b - +0 kite shield
rNeg    . . .      Spirit   .   a - +0 robe
rPois   .          Reflect  .   (helmet restricted)
rElec   .          Harm     .   (no cloak)
rCorr   .          Rampage  .   (gloves unavailable)
Will    .....                   (boots unavailable)
Stlth   +.........              (no amulet)
HPRegen 0.87/turn               (no ring)
MPRegen 0.07/turn               (no ring)

@: no status effects
A: large, unfitting armour, claws 3, regeneration 1, shaggy fur 1, tough skin 1
a: no special abilities


You were on level 1 of the Dungeon.
You visited 1 branch of the dungeon, and saw 1 of its levels.

Inventory:

Armour
 a - a +0 robe (worn)
 b - a +0 kite shield (worn)
Scrolls
 d - a scroll of magic mapping {unknown}
Potions
 c - a potion of might


   Skills:
 + Level 2.4 Fighting
 + Level 2.4 Dodging
 + Level 2.7 Shields
 + Level 2.0 Unarmed Combat


You couldn't memorise any spells.
You didn't know any spells.
Your spell library was empty.

Dungeon Overview and Level Annotations

Branches:
Dungeon (1/15)

Altars:


Innate Abilities, Weirdness & Mutations

You are too large for most types of armour.
You have claws for hands.
Your natural rate of healing is unusually fast.
You are covered in fur. (AC +1)
You have tough skin. (AC +1)


Message History

Welcome, hquester the Troll Fighter.
Will you be the one to retrieve the marvelous Orb of Zot from the depths?
Press ? for a list of commands and other information.
Found a staircase leading out of the dungeon.
Found an escape hatch in the floor.
Found a chain mail.
Found an escape hatch in the floor.
A kobold comes into view. It is wielding a +0 club.
Found 20 stones.
The kobold throws a stone.
You block the stone.
A giant cockroach comes into view.
Found a stone staircase leading down.
You see here a scroll labelled BEDWAKLUZAC.
The giant cockroach closely misses you.
You barely miss the giant cockroach.
The giant cockroach bites you but does no damage.
The giant cockroach bites you.
You scratch the giant cockroach.
You kill the giant cockroach!
You miss the kobold. The kobold hits you with a +0 club.
You closely miss the kobold. You block the kobold's attack.
You closely miss the kobold. You block the kobold's attack.
You closely miss the kobold. The kobold hits you but does no damage.
You closely miss the kobold. The kobold hits you but does no damage.
You barely miss the kobold. The kobold hits you but does no damage.
You claw the kobold!
You kill the kobold!
Things that are here:
a +0 club; 2 stones; a kobold corpse
Found a robe.
Things that are here:
a +0 club; 2 stones; a kobold corpse
d - a scroll labelled BEDWAKLUZAC Are you sure you want to abandon this character and quit the game? (Confirm with "yes".)

....#.......#
########...#..$....#
#............#....## .
♣..#.###..#>###..
♣♣♣♣♣.♣.......#......
♣.♣∩∩∩.♣♣♣.>.#.........
♣♣∩.....∩♣♣...##)##.....#
♣∩..♣♣♣..∩♣♣............#
♣∩...<...∩♣♣.#@..##.....#
♣∩..♣♣♣..∩♣♣.....# [....#
♣♣∩ ..∩♣♣.....[# ### ♣
.∩♣♣♣♣.>....# ♣.♣
♣....#### ♣. ...(### ..
..### ## ##


There were no monsters in sight!

Vanquished Creatures
  A giant cockroach (D:1)
  A kobold (D:1)
2 creatures vanquished.

Notes
Turn   | Place    | Note
-------+----------+-------------------------------------------
     0 | D:1      | hquester the Troll Fighter began the quest for the Orb.
     0 | D:1      | Reached XP level 1. HP: 22/22 MP: 0/0
    40 | D:1      | Quit the game

Illustrated notes

Levels and vault maps discovered:
D:1:      heliophobic_arrival_henge, layout_basic, interstate_on_off,
          minmay_misc_feat_encased, chequers_serial_rivers_room_a

Action                   || total
-------------------------++-------
Melee: Unarmed           ||     9
Armor: Robe              ||     4
Dodge: Dodged            ||     1
Block: Kite shield       ||     3

Table legend: (Time is in decaauts)
 A = Elapsed time spent in this place.
 B = Non-inter-level travel time spent in this place.
 C = Inter-level travel time spent in this place.
 D = Time resting spent in this place.
 E = Time spent auto-exploring this place.
 F = Levels seen in this place.
 G = Mean time per level.
                   A        B        C        D        E       F      G
               +--------+--------+--------+--------+--------+-----+--------+
         Total |     41 |     41 |      0 |      0 |      7 |   1 |   41.0 |
       Dungeon |     41 |     41 |      0 |      0 |      7 |   1 |   41.0 |
               +--------+--------+--------+--------+--------+-----+--------+

Top non-repeatable levels by time:
     D:1: 41 daAuts
